Map: Blackpink LE

Players

Cyan - Winner!

  • Race: Protoss Protoss
  • Spawn Location: 1:00

uThermal

  • Race: Terran Terran
  • Spawn Location: 7:00

Event: WCS Leipzig 2018

VOD

Have the link to the VOD?

Description

Time

  • Played on: Jan. 26, 2018, 12:32 p.m.
  • Length: 4:47

All games in this series

Show
View Real Time Build Order
Export as new Build Order

Cyan Protoss - Winner!

Build Orders: 1 Gate Expand, Dark Templar Rush 

Get SALT Encoding   

  12  0:00  Probe  
  13  0:13  Probe  
  14  0:18  Pylon  
  14  0:25  Probe  
  15  0:37  Probe (Chrono Boost), Gateway  
  16  0:47  Assimilator  
  16  0:48  Probe (Chrono Boost)  
  17  0:53  Probe (Chrono Boost)  
  18  1:03  Probe  
  19  1:15  Probe  
  20  1:23  Nexus  
  20  1:34  Cybernetics Core  
  20  1:37  Probe  
  21  1:43  Assimilator  
  21  1:49  Probe  
  21  1:52  Pylon  
  22  2:01  Probe  
  23  2:09  Adept (Chrono Boost)  
  23  2:10  Warp Gate  
  23  2:13  Probe  
  26  2:19  Twilight Council  
  26  2:25  Probe  
  26  2:27  Adept  
  29  2:33  Pylon  
  29  2:37  Probe (Chrono Boost)  
  30  2:39  Probe (Chrono Boost)  
  31  2:46  Probe (Chrono Boost)  
  31  2:47  Probe (Chrono Boost)  
  33  2:51  Probe (Chrono Boost)  
  34  2:59  Probe  
  34  3:00  Dark Shrine  
  34  3:03  Probe  
  36  3:09  Adept (Chrono Boost)  
  38  3:17  Probe  
  38  3:18  Probe, Gateway  
  40  3:24  Gateway  
  40  3:29  Probe  
  40  3:30  Probe  
  40  3:37  Adept (Chrono Boost)  
  40  3:41  Probe  
  40  3:48  Probe  
  40  3:53  Probe  
  42  4:00  Probe  
  43  4:04  Assimilator  
  43  4:05  Probe  
  43  4:07  Assimilator  
  43  4:09  Pylon  
  44  4:12  Probe  
  44  4:14  Dark Templar x2  
  49  4:19  Adept  
  49  4:20  Probe (Chrono Boost)  
  49  4:23  Pylon  
  52  4:25  Probe (Chrono Boost)  
  54  4:32  Probe (Chrono Boost)  
  54  4:35  Probe (Chrono Boost)  
  54  4:38  Probe (Chrono Boost)  
  55  4:41  Robotics Facility  
  55  4:45  Dark Templar  
Show
View Real Time Build Order
Export as new Build Order

uThermal Terran 

Build Orders: Gas First Reaper Expand, Reaper Expand 

Get SALT Encoding   

  12  0:01  SCV  
  13  0:13  SCV  
  14  0:18  Supply Depot  
  14  0:25  SCV  
  14  0:28  Refinery  
  15  0:39  SCV  
  16  0:45  Barracks  
  16  0:51  SCV  
  17  1:03  SCV  
  18  1:15  SCV  
  19  1:34  Orbital Command, Reaper  
  20  1:43  Command Center  
  20  1:57  Factory  
  20  2:00  SCV  
  21  2:07  Barracks Reactor  
  21  2:12  SCV  
  22  2:15  Supply Depot  
  22  2:24  SCV  
  23  2:37  SCV  
  23  2:43  Starport  
  24  2:47  Hellion x2  
  24  2:50  SCV  
  29  2:53  Marine  
  30  3:02  SCV  
  31  3:07  Orbital Command  
  31  3:15  SCV  
  32  3:21  Widow Mine  
  32  3:22  Marine x2  
  32  3:24  Viking  
  32  3:27  SCV  
  39  3:28  Supply Depot  
  39  3:34  SCV  
  40  3:39  SCV, Marine  
  40  3:40  Marine  
  43  3:46  SCV  
  42  3:51  SCV, Widow Mine  
  45  3:58  SCV  
  45  4:02  Starport Reactor  
  44  4:03  SCV  
  44  4:04  Barracks  
  44  4:05  Refinery  
  44  4:08  Barracks  
  45  4:10  SCV  
  45  4:11  Barracks Tech Lab  
  45  4:12  Refinery  
  45  4:15  Bunker, SCV  
  47  4:22  SCV  
  47  4:24  Supply Depot, Factory Tech Lab, Engineering Bay  
  48  4:27  SCV  
  48  4:34  SCV  
  48  4:37  Supply Depot  
Tags
 
Add a new tag
Caveats
  • Supply blocks, unpowered buildings, or Contaminate may cause inaccurate times.
  • Supply counts are checked every 10 seconds.